 Dungeon Crawl Stone Soup version 0.21-a0-538-gd16b88a (webtiles) character file.

184 Belfein the Slasher (level 5, -1/45 HPs)
             Began as a Draconian Monk on Dec 16, 2017.
             Slain by an ogre
             ... wielding a +0 giant club
              (24 damage)
             ... on level 3 of the Dungeon.
             The game lasted 00:03:26 (2369 turns).

Belfein the Slasher (Draconian Monk)                Turns: 2369, Time: 00:03:26

Health: -1/45      AC:  6    Str: 13    XL:     5   Next: 36%
Magic:  5/5        EV: 13    Int: 11    God:
Gold:   117        SH:  0    Dex: 17    Spells: 4/4 levels left

rFire    . . .     SeeInvis .   a - +0 falchion
rCold    + . .     Gourm    .   (no shield)
rNeg     . . .     Faith    .   (armour unavailable)
rPois    .         Spirit   .   (helmet restricted)
rElec    .         Reflect  .   (no cloak)
rCorr    .         Harm     .   j - +0 pair of gloves
MR       .....                  (no boots)
Stlth    ++........             (no amulet)
HPRegen  0.15/turn              d - +3 ring of dexterity
MPRegen  0.09/turn              q - ring of protection from cold

@: no status effects
A: unfitting armour, cold-blooded, AC +5
a: no special abilities


You were on level 3 of the Dungeon.
You were near starving.

You visited 1 branch of the dungeon, and saw 3 of its levels.

You collected 117 gold pieces.

Inventory:

Hand Weapons
 a - a +0 falchion (weapon)
Armour
 j - a +0 pair of gloves (worn)
Jewellery
 d - a +3 ring of dexterity (left hand)
 k - an uncursed ring of magical power
 o - an uncursed ring of positive energy
 q - a ring of protection from cold (right hand)
Scrolls
 c - 2 scrolls of identify
 e - a scroll of teleportation {unknown}
 f - a scroll of remove curse {unknown}
 h - a scroll of random uselessness {unknown}
 p - a scroll of fear {unknown}
Potions
 i - a potion of mutation
 l - a potion of haste
 m - a potion of degeneration
 r - a potion of might {unknown}
Comestibles
 b - 2 bread rations
 g - 2 meat rations
 n - 4 fruits
 s - a royal jelly


   Skills:
 - Level 3.2 Fighting
 + Level 6.1 Long Blades
 - Level 2.6 Dodging
 - Level 1.7 Stealth


You had 4 spell levels left.
You didn't know any spells.

Dungeon Overview and Level Annotations

Branches:
Dungeon (3/15)

Altars:
Qazlal
Wu Jian
Xom
Zin


Innate Abilities, Weirdness & Mutations

Your plain brown scales are hard. (AC +5)
You cannot fit into any form of body armour.
You are cold-blooded and may be slowed by cold attacks.


Message History

The ogre shouts!
An ogre is nearby!
An ogre is nearby!
You enter the shallow water.
Moving in this stuff is going to be slow.
You hit the ogre.
The ogre is lightly wounded.
The ogre closely misses you.
You barely miss the ogre. The ogre misses you.
You hit the ogre. You tail-slap the ogre.
The ogre is heavily wounded.
The ogre hits you with a giant club!!
You hit the ogre.
You tail-slap the ogre, but do no damage.
The ogre is heavily wounded.
You barely miss the ogre.
The ogre is heavily wounded.
The ogre hits you with a giant club!!
Ouch! That really hurt!
You die...

#.# #.### #.# #....
#.# ##### #.#######
# ##.......# #
#.....##.# ##
#.≈.≈..#.#########.
+.O⌠≈..............
#.@.≈..#.#########.
#...).#.#.# ##
###.##.###.# #
#...## #.# #..##
#.# # #.#.# ## #
#)##.# ## #.# #.#
#. #.# #.# ###.


You could see an ogre.

Vanquished Creatures
  A crimson imp (D:3)
  An orc wizard (D:3)
  Jessica (D:2)
  2 adders
  2 worms
  3 dart slugs (D:1)
  8 orcs (D:3)
  4 giant cockroaches
  9 hobgoblins
  3 jackals (D:2)
  2 kobolds
  5 bats
  4 frilled lizards
  8 goblins
  3 rats
56 creatures vanquished.

Notes
Turn   | Place    | Note
-------+----------+-------------------------------------------
     0 | D:1      | Belfein the Draconian Monk began the quest for the Orb.
     0 | D:1      | Reached XP level 1. HP: 19/19 MP: 1/1
   222 | D:1      | Reached XP level 2. HP: 26/26 MP: 2/2
   575 | D:1      | Reached skill level 4 in Long Blades
   885 | D:2      | Noticed Jessica
   892 | D:2      | Killed Jessica
   892 | D:2      | Reached XP level 3. HP: 31/31 MP: 3/3
   914 | D:2      | Found a glowing silver altar of Zin.
  1126 | D:2      | Reached XP level 4. HP: 38/38 MP: 4/4
  1348 | D:2      | Reached skill level 5 in Long Blades
  1934 | D:3      | Reached XP level 5. HP: 40/45 MP: 5/5
  1952 | D:3      | Noticed a sky beast
  1973 | D:3      | Found a shimmering altar of Xom.
  1986 | D:3      | Found an ornate altar of the Wu Jian Council.
  1995 | D:3      | Found a stormy altar of Qazlal.
  2083 | D:3      | Reached skill level 6 in Long Blades
  2360 | D:3      | Noticed an ogre
  2369 | D:3      | Slain by an ogre

Vault maps used:
D:1:      dpeg_arrival_rooms_b
D:2:      overflow_temple_1_default, uniq_jessica
D:3:      nicolae_overflow_crystal_walls, minmay_overflow_temple_star_quad,
          corexii_leaking_fountain, kennysheep_generic_room_10, uniq_terence

Skill      XL: |  1  2  3  4  5 |
---------------+----------------+-----
Long Blades    | 4 5 6 |  6.1
Fighting       | |  3.2
Dodging        | |  2.6
Stealth        | |  1.7

Action                   |  1- 3 |  4- 6 || total
-------------------------+-------+-------++-------
Melee: Falchion          |    59 |   143 ||   202
       Tailslap          |    13 |    22 ||    35
  Use: Scroll            |       |     3 ||     3
 Stab: Sleeping          |     3 |       ||     3
  Eat: Chunk             |       |     3 ||     3
Armor: Skin              |    12 |    30 ||    42
Dodge: Dodged            |    45 |    96 ||   141
       Rpst.: Falchion   |    18 |    31 ||    49

Table legend:
 A = Spawn XP
 B = Non-spawn XP
 C = Spawn XP percentage of total XP
 D = Spawn monster count
 E = Non-spawn monster count
 F = Spawn count percentage of total count
 G = Total turns spent on level
                    A         B        C        D         E        F      G
               +---------+---------+-------+---------+---------+-------+---------
         Total |       0 |     263 |   0.0 |       0 |      56 |   0.0 |  2369
               +---------+---------+-------+---------+---------+-------+---------
           D:1 |       0 |      33 |   0.0 |       0 |      16 |   0.0 |   805
           D:2 |       0 |      90 |   0.0 |       0 |      24 |   0.0 |   803
           D:3 |       0 |     140 |   0.0 |       0 |      16 |   0.0 |   761
               +---------+---------+-------+---------+---------+-------+---------
